 Dungeon Crawl Stone Soup version 0.19.5 (webtiles) character file.

81 Gitz the Cudgeler (level 4, -6/66 HPs)
             Began as a Troll Berserker on May 23, 2017.
             Was a Believer of Trog.
             Mangled by a goblin
             ... wielding a +0 dagger
             ... led by Robin
              (7 damage)
             ... on level 3 of the Dungeon.
             The game lasted 00:03:44 (1526 turns).

Gitz the Cudgeler (Troll Berserker)                 Turns: 1526, Time: 00:03:44

Health: -6/66      AC:  5    Str: 34    XL:     4   Next: 19%
Magic:  3/3        EV: 10    Int:  3    God:    Trog [**....]
Gold:   203        SH:  0    Dex:  9    Spells: 0 memorised, 3 levels left

rFire  . . .     SeeInvis .     a - +0 mace
rCold  . . .     Gourm    +     b - +0 animal skin
rNeg   . . .     Faith    .     (no shield)
rPois  .         Spirit   .     (helmet restricted)
rElec  .         Reflect  .     (no cloak)
rCorr  .         Harm     .     (gloves unavailable)
MR     .....                    (boots unavailable)
Stlth  ..........               (no amulet)
                                (no ring)
                                j - +3 ring of strength

@: berserking (expiring), very quick
A: unfitting armour, claws 3, fast metabolism 3, gourmand, regeneration 1,
shaggy fur 1, tough skin 2
a: Berserk, Trog's Hand, Burn Spellbooks, Renounce Religion


You were on level 3 of the Dungeon.
You worshipped Trog.
Trog was pleased with you.
You were full.

You visited 1 branch of the dungeon, and saw 3 of its levels.

You collected 203 gold pieces.

Inventory:

Hand Weapons
 a - a +0 mace (weapon)
Missiles
 n - 2 tomahawks (quivered)
Armour
 b - a +0 animal skin (worn)
Jewellery
 j - a +3 ring of strength (left claw)
Scrolls
 d - 2 scrolls of teleportation {unknown}
 g - a scroll of amnesia {unknown}
 h - 5 scrolls of identify {unknown}
 o - 4 scrolls of remove curse {unknown}
 q - 2 scrolls of enchant armour {unknown}
 r - a scroll of blinking {unknown}
Potions
 e - a potion of degeneration {unknown}
 k - 2 potions of haste {unknown}
 l - 2 potions of curing {unknown}
 m - a potion of berserk rage {unknown}
Comestibles
 c - 3 bread rations
 f - a beef jerky
 i - a meat ration


   Skills:
 + Level 2.9 Fighting
 + Level 3.6 Maces & Flails
 + Level 3.1 Dodging


You had 3 spell levels left.
You didn't know any spells.

Dungeon Overview and Level Annotations

Branches:
Dungeon (3/15)

Altars:
Ashenzari
Cheibriados
Hepliaklqana
Qazlal
Sif Muna
Trog
Yredelemnul

Annotations:
D:3 Robin


Innate Abilities, Weirdness & Mutations

You are too large for most types of armour.
You have claws for hands.
Your metabolism is lightning-fast.
You like to eat raw meat.
Your natural rate of healing is unusually fast.
You are covered in fur. (AC +1)
You have very tough skin. (AC +2)


Message History

You kill the orc!
Trog accepts your kill. The goblin hits you but does no damage.
Robin throws the goblin at you! The kobold hits you but does no damage.
The goblin hits you but does no damage.
The goblin closely misses you. x2; The goblin hits you with a dagger.
The goblin barely misses you.
You are too berserk!
You barely miss the goblin. The goblin hits you with a club.
* * * LOW HITPOINT WARNING * * *
The kobold hits you but does no damage. The goblin hits you but does no damage.
The hobgoblin hits you with a club.
* * * LOW HITPOINT WARNING * * *
The goblin hits you but does no damage. The goblin barely misses you.
The goblin hits you with a club.
* * * LOW HITPOINT WARNING * * *
The goblin closely misses you.
You barely miss the goblin. The goblin hits you with a club.
* * * LOW HITPOINT WARNING * * *
The kobold barely misses you. The goblin hits you with a dagger!
You die...

###### ####### #
##.....##.....#..
##................
#...............>.
#.................
#.......og.......)
#......gKg.!......
#......g@g{.......
#......ggg........
#.....((o........
##...<.##.....###
#########.....<
....... .......
...... .!.


You could see Robin, 2 orcs, a hobgoblin, 6 goblins and a kobold.

Vanquished Creatures
  2 adders (D:2)
  A worm (D:2)
  3 dart slugs
  An orc (D:3)
  4 bats
  4 giant cockroaches
  9 goblins
  6 hobgoblins
  7 kobolds
  A ball python (D:1)
  7 frilled lizards
  7 rats
52 creatures vanquished.

Notes
Turn   | Place    | Note
-------+----------+-------------------------------------------
     0 | D:1      | Gitz the Troll Berserker began the quest for the Orb.
     0 | D:1      | Reached XP level 1. HP: 22/22 MP: 0/0
   112 | D:1      | Reached XP level 2. HP: 25/29 MP: 1/1
   397 | D:1      | Reached ** piety under Trog
   703 | D:1      | Reached XP level 3. HP: 35/36 MP: 2/2
  1125 | D:2      | Reached XP level 4. HP: 44/44 MP: 3/3
  1422 | D:2      | Found a deep blue altar of Sif Muna.
  1429 | D:2      | Found a basalt altar of Yredelemnul.
  1434 | D:2      | Found a shattered altar of Ashenzari.
  1441 | D:2      | Found a hazy altar of Hepliaklqana.
  1446 | D:2      | Found a snail-covered altar of Cheibriados.
  1453 | D:2      | Found a stormy altar of Qazlal.
  1458 | D:2      | Found a bloodstained altar of Trog.
  1509 | D:3      | Noticed Robin
  1526 | D:3      | HP: 1/66 [goblin/club[Robin] (6)]
  1526 | D:3      | Mangled by a goblin

Skill      XL: |  1  2  3 |
---------------+----------+-----
Maces & Flails | 3 |  3.6
Dodging        | 3 |  3.1
Fighting       | |  2.9

Action                   |  1- 3 |  4- 6 || total
-------------------------+-------+-------++-------
Melee: Mace              |   144 |    33 ||   177
Invok: Berserk           |       |     1 ||     1
  Eat: Chunk             |    16 |     2 ||    18
Armor: Animal skin       |    62 |    31 ||    93
Dodge: Dodged            |    75 |    50 ||   125
